 Dungeon Crawl Stone Soup version 0.20-b1-2-gc5a9893 (webtiles) character file.

274 Jawreze the Quickloader (level 6, -1/35 HPs)
             Began as a Kobold Hunter on May 21, 2017.
             Slain by an adder (2 damage)
             ... on level 3 of the Dungeon.
             The game lasted 00:05:50 (3063 turns).

Jawreze the Quickloader (Kobold Hunter)             Turns: 3063, Time: 00:05:51

Health: -1/35      AC:  3    Str: 10    XL:     6   Next: 49%
Magic:  6/6        EV: 14    Int: 14    God:
Gold:   49         SH:  0    Dex: 15    Spells: 5/5 levels left

rFire    . . .     SeeInvis .   b - +0 short sword
rCold    . . .     Gourm    .   (shield restricted)
rNeg     . . .     Faith    .   c - +0 leather armour
rPois    .         Spirit   .   t - +0 hat
rElec    .         Reflect  .   (no cloak)
rCorr    .         Harm     .   (no gloves)
MR       .....                  (no boots)
Stlth    ++........             (no amulet)
Regen    0.2/turn               (no ring)
MPRegen  0.1/turn               (no ring)

@: lethally poisoned (-1 -> -9)
A: carnivore 3
a: no special abilities


You were on level 3 of the Dungeon.
You were very full.

You visited 1 branch of the dungeon, and saw 4 of its levels.

You collected 49 gold pieces.

Inventory:

Hand Weapons
 a - a +1 hand crossbow
 b - a +0 short sword (weapon)
Missiles
 e - 114 stones (quivered)
 n - 9 sling bullets
Armour
 c - a +0 leather armour (worn)
 t - a +0 hat (worn)
Scrolls
 g - 4 scrolls of identify {unknown}
 h - 2 scrolls of blinking {unknown}
 i - 2 scrolls of remove curse {unknown}
 l - 2 scrolls of noise {unknown}
 m - a scroll of teleportation {unknown}
 o - 2 scrolls of fog {unknown}
 p - 2 scrolls of magic mapping {unknown}
 r - 3 scrolls of enchant armour {unknown}
Potions
 j - a potion of resistance {unknown}
 k - 2 potions of heal wounds {unknown}
 q - a potion of flight {unknown}
 u - a potion of mutation {unknown}
Comestibles
 d - a chunk of flesh
 f - 2 meat rations


   Skills:
 - Level 2.1 Fighting
 * Level 8.8 Crossbows
 - Level 2.4 Dodging
 - Level 1.3 Stealth


You had 5 spell levels left.
You didn't know any spells.

Dungeon Overview and Level Annotations

Branches:
Dungeon (4/15)
 Temple: D:4-7

Altars:
Sif Muna


Innate Abilities, Weirdness & Mutations

You are small and have problems with some larger weapons.
You are carnivorous and can eat meat at any time.


Message History

The adder is heavily wounded.
You feel sick. The adder misses you.
You barely miss the adder.
The adder is heavily wounded.
The adder barely misses you. The adder bites you.
* * * LOW HITPOINT WARNING * * *
You hit the adder but do no damage.
The adder is heavily wounded.
You feel sick. The adder bites you but does no damage.
You closely miss the adder.
The adder is heavily wounded.
The adder bites you.
* * * LOW HITPOINT WARNING * * *
You are more poisoned.
The adder poisons you!
You barely miss the adder.
The adder is heavily wounded.
* * * LOW HITPOINT WARNING * * *
You feel sick. The adder closely misses you. The adder bites you.
You die...

######### ........# #######.#
......#.# #####.#.#
################## #.#.####
#.............%... #.#....#
#.............####
#.####.#####@###....##.....>.
#####.# #.#...#S#...............
..#...# #.#.#..>................
#.#.#.####.#.###.#.#.[..<........
#.#................<.[.#...#.####
#.#################...)......####
#.......))............[....####..
#####...###########.#[###### #.#
...............# #.#[# #.#


You could see an adder.

Vanquished Creatures
  Terence (D:2)
  3 orc wizards (D:3)
  4 gnolls
  6 adders
  An ooze (D:3)
  4 worms
  4 dart slugs
  5 orcs (D:3)
  2 ball pythons
  A giant cockroach (D:4)
  A hobgoblin (D:2)
  2 jackals (D:3)
  6 kobolds
  A quokka (D:3)
  8 bats
  7 frilled lizards
  6 goblins
  5 rats
67 creatures vanquished.

Notes
Turn   | Place    | Note
-------+----------+-------------------------------------------
     0 | D:1      | Jawreze the Kobold Hunter began the quest for the Orb.
     0 | D:1      | Reached XP level 1. HP: 12/12 MP: 1/1
    34 | D:1      | Reached skill level 5 in Crossbows
   276 | D:1      | Reached XP level 2. HP: 17/17 MP: 2/2
   695 | D:1      | Reached XP level 3. HP: 21/21 MP: 3/3
   827 | D:2      | Reached skill level 6 in Crossbows
  1363 | D:2      | Reached XP level 4. HP: 26/26 MP: 4/4
  1487 | D:2      | Noticed Terence
  1511 | D:2      | Killed Terence
  1686 | D:2      | Reached skill level 7 in Crossbows
  1793 | D:2      | Reached XP level 5. HP: 20/30 MP: 5/5
  1952 | D:2      | Found a deep blue altar of Sif Muna.
  2267 | D:3      | Reached skill level 8 in Crossbows
  2267 | D:3      | Reached XP level 6. HP: 30/35 MP: 6/6
  2355 | D:3      | Found a faded altar of an unknown god.
  3063 | D:3      | HP: 1/35 [poisoned by an adder]
  3063 | D:3      | Slain by an adder

Skill      XL: |  1  2  3  4  5 |
---------------+----------------+-----
Crossbows      | 5 6 7 8 |  8.8
Fighting       | |  2.1
Dodging        | |  2.4
Stealth        | |  1.3

Action                   |  1- 3 |  4- 6 || total
-------------------------+-------+-------++-------
Melee: Short sword       |       |    25 ||    25
 Fire: Hand crossbow     |    58 |   123 ||   181
Throw: Stone             |       |     1 ||     1
  Eat: Chunk             |     8 |     6 ||    14
Armor: Leather armour    |     3 |    17 ||    20
Dodge: Dodged            |     8 |    49 ||    57
